TOP OF THE 1ST |
Charleston RiverDogs batting - Pitching for Burlington Bees : RHP Eddie Garabito
|
Pitching: RHP Eddie Garabito
|
|
Batting: LHB Ernesto Abreu
|
0-0: Ball 1-0: Ball 2-0: Ball 3-0: Base on Balls
|
Batting: SHB Corey Penson
|
0-0: Ball 1-0: Foul Ball, location: 2F 1-1: Swinging Strike 1-2: Ball 2-2: Ball 3-2: Hit by Pitch Ernesto Abreu to second
|
Batting: LHB Justin O'Neal
|
0-0: Called Strike 0-1: Ball 1-1: Ball 2-1: Called Strike 2-2: Strikes out swinging
|
Batting: LHB Dale Anderson
|
0-0: Called Strike 0-1: Called Strike 0-2: Ball 1-2: Ball 2-2: DOUBLE (Line Drive, 7LM, EV 105.6 MPH) Ernesto Abreu scores Corey Penson to third
|
Batting: RHB Mike Zern
|
0-0: Ball 1-0: Foul Ball, location: 2F 1-1: Ground out 6-3 (Groundball, 6, EV 83.1 MPH) Corey Penson scores
|
Batting: RHB Bill Nguyen-Tan
|
0-0: Ball 1-0: Called Strike 1-1: Ball 2-1: Ball 3-1: Base on Balls
|
Batting: LHB Marc Durgin
|
0-0: Called Strike 0-1: Ball 1-1: Ball 2-1: Foul Ball, location: 2F 2-2: Strikes out swinging
|
Top of the 1st over - 2 runs, 1 hit, 0 errors, 2 left on base; Charleston 2 - Burlington 0 |
BOTTOM OF THE 1ST |
Burlington Bees batting - Pitching for Charleston RiverDogs : RHP Tim Honaker
|
Pitching: RHP Tim Honaker
|
|
Batting: RHB Joe Hewitt
|
0-0: Ball 1-0: Ground out 4-3 (Groundball, 4, EV 83.8 MPH)
|
Batting: RHB T.J. Gray
|
0-0: SINGLE (Flyball, 9S, EV 95.6 MPH)
|
Batting: LHB Dave Hicks
|
0-0: Ball 1-0: Ball 2-0: Ball 3-0: Called Strike 3-1: Base on Balls T.J. Gray to second
|
Batting: SHB Danny Gelinas
|
0-0: Fielders Choice at 2nd, 3-6 (Groundball, 34, EV 82.5 MPH) T.J. Gray to third
|
Batting: RHB Peter Westover
|
0-0: Ball 1-0: Called Strike 1-1: Ball 2-1: Ball 3-1: Swinging Strike 3-2: Foul Ball, location: 2F 3-2: Base on Balls Danny Gelinas to second
|
Batting: RHB Rory Cobb
|
0-0: Ground out U3 (Groundball, 34S, EV 93.8 MPH)
|
Bottom of the 1st over - 0 runs, 1 hit, 0 errors, 3 left on base; Charleston 2 - Burlington 0 |
TOP OF THE 2ND |
Charleston RiverDogs batting - Pitching for Burlington Bees : RHP Eddie Garabito
|
Batting: RHB Nate Singleton
|
0-0: Called Strike 0-1: Called Strike 0-2: Fly out, F8 (Flyball, 89M, EV 91.2 MPH)
|
Batting: RHB Louwe Starmans
|
0-0: Ball 1-0: Foul Ball, location: 2F 1-1: Foul Ball, location: 2F 1-2: SINGLE (Groundball, 6D, EV 111.2 MPH)
|
Batting: LHB Ernesto Abreu
|
0-0: Called Strike 0-1: Ball 1-1: Foul Ball, location: 2F 1-2: Strikes out swinging
|
Batting: SHB Corey Penson
|
0-0: Ball 1-0: Foul Ball, location: 2F 1-1: Ball 2-1: Foul Ball, location: 2F 2-2: SINGLE (Flyball, 78S, EV 85.0 MPH) Louwe Starmans to second
|
Batting: LHB Justin O'Neal
|
0-0: Ball 1-0: Called Strike 1-1: Ball 2-1: Swinging Strike 2-2: Strikes out swinging
|
Top of the 2nd over - 0 runs, 2 hits, 0 errors, 2 left on base; Charleston 2 - Burlington 0 |
BOTTOM OF THE 2ND |
Burlington Bees batting - Pitching for Charleston RiverDogs : RHP Tim Honaker
|
Batting: RHB Dan Burkhart
|
0-0: Called Strike 0-1: Foul Ball, location: 2F 0-2: Ball 1-2: Strikes out swinging
|
Batting: RHB Davey Verhoog
|
0-0: DOUBLE (Line Drive, 78D, EV 94.4 MPH)
|
Batting: RHB Malachi Ephron
|
0-0: Ball 1-0: Swinging Strike 1-1: Ball 2-1: Fly out, F9 (Flyball, 9LS, EV 87.5 MPH)
|
Batting: RHB Joe Hewitt
|
0-0: Ball 1-0: Fly out, F7 (Flyball, 78S, EV 93.1 MPH)
|
Bottom of the 2nd over - 0 runs, 1 hit, 0 errors, 1 left on base; Charleston 2 - Burlington 0 |
TOP OF THE 3RD |
Charleston RiverDogs batting - Pitching for Burlington Bees : RHP Eddie Garabito
|
Batting: LHB Dale Anderson
|
0-0: Called Strike 0-1: Ball 1-1: Foul Ball, location: 2F 1-2: Strikes out looking
|
Batting: RHB Mike Zern
|
0-0: Called Strike 0-1: Ball 1-1: Ball 2-1: SINGLE (Groundball, 4MD, EV 102.5 MPH)
|
Batting: RHB Bill Nguyen-Tan
|
0-0: Ball 1-0: Ball Mike Zern steals 2nd base 2-0: SINGLE (Groundball, 6MD, EV 95.0 MPH) Mike Zern to third Runner from 3rd tries for Home, SAFE, throw by CF to home
|
Batting: LHB Marc Durgin
|
0-0: Fielders Choice at 2nd, 3-6 (Groundball, 3, EV 89.4 MPH)
|
Batting: RHB Nate Singleton
|
0-0: Ball Marc Durgin steals 2nd base 1-0: Ground out U3 (Groundball, 3L, EV 85.0 MPH)
|
Top of the 3rd over - 1 run, 2 hits, 0 errors, 1 left on base; Charleston 3 - Burlington 0 |
BOTTOM OF THE 3RD |
Burlington Bees batting - Pitching for Charleston RiverDogs : RHP Tim Honaker
|
Now at SS: Jonathan Iniguez
|
|
Batting: RHB T.J. Gray
|
0-0: Called Strike 0-1: Ball 1-1: Ball 2-1: Ball 3-1: Base on Balls
|
Batting: LHB Dave Hicks
|
0-0: Ball T.J. Gray steals 2nd base 1-0: Ball 2-0: Ball 3-0: Called Strike 3-1: Base on Balls
|
Batting: SHB Danny Gelinas
|
0-0: Foul Ball, location: 2F 0-1: Swinging Strike 0-2: Ball 1-2: Ball 2-2: Ball 3-2: SINGLE (Line Drive, 9LS, EV 92.5 MPH) T.J. Gray to third Dave Hicks to second
|
Batting: RHB Peter Westover
|
0-0: Hit by Pitch T.J. Gray scores Dave Hicks to third Danny Gelinas to second
|
Batting: RHB Rory Cobb
|
0-0: Called Strike 0-1: Ball 1-1: Foul Ball, location: 2F 1-2: Strikes out looking
|
Batting: RHB Dan Burkhart
|
0-0: Ball 1-0: Called Strike 1-1: Called Strike 1-2: Strikes out swinging
|
Batting: RHB Davey Verhoog
|
0-0: Called Strike 0-1: Ball 1-1: Foul Ball, location: 2F 1-2: Strikes out swinging
|
Bottom of the 3rd over - 1 run, 1 hit, 0 errors, 3 left on base; Charleston 3 - Burlington 1 |
TOP OF THE 4TH |
Charleston RiverDogs batting - Pitching for Burlington Bees : RHP Eddie Garabito
|
Batting: RHB Louwe Starmans
|
0-0: Called Strike 0-1: Ball 1-1: Called Strike 1-2: Foul Ball, location: 2F 1-2: Foul Ball, location: 2F 1-2: Ball 2-2: Strikes out swinging
|
Batting: LHB Ernesto Abreu
|
0-0: Ball 1-0: Foul Ball, location: 2F 1-1: Ball 2-1: Ball 3-1: Base on Balls
|
Batting: SHB Corey Penson
|
0-0: Ball 1-0: Ball Ernesto Abreu steals 2nd base (no throw) 2-0: Ball 3-0: Base on Balls
|
Batting: LHB Justin O'Neal
|
0-0: Ball 1-0: Called Strike 1-1: Ball 2-1: Swinging Strike 2-2: Strikes out looking
|
Batting: LHB Dale Anderson
|
0-0: Ball 1-0: Foul Ball, location: 2F 1-1: Fly out, F8 (Flyball, 8LXD, EV 92.5 MPH)
|
Top of the 4th over - 0 runs, 0 hits, 0 errors, 2 left on base; Charleston 3 - Burlington 1 |
BOTTOM OF THE 4TH |
Burlington Bees batting - Pitching for Charleston RiverDogs : RHP Tim Honaker
|
Batting: RHB Malachi Ephron
|
0-0: Ball 1-0: Foul Ball, location: 2F 1-1: Ball 2-1: Foul Ball, location: 2F 2-2: Ground out 6-3 (Groundball, 6, EV 106.9 MPH)
|
Batting: RHB Joe Hewitt
|
0-0: Swinging Strike 0-1: Ball 1-1: Foul Ball, location: 2F 1-2: Ground out 4-3 (Groundball, 4, EV 84.4 MPH)
|
Batting: RHB T.J. Gray
|
0-0: Called Strike 0-1: Fly out, F8 (Flyball, 8RXD, EV 99.4 MPH)
|
Bottom of the 4th over - 0 runs, 0 hits, 0 errors, 0 left on base; Charleston 3 - Burlington 1 |
TOP OF THE 5TH |
Charleston RiverDogs batting - Pitching for Burlington Bees : RHP Eddie Garabito
|
Pitching: RHP Humberto Paniagua
|
|
Batting: RHB Jonathan Iniguez
|
0-0: Called Strike 0-1: Ball 1-1: Swinging Strike 1-2: Fly out, F9 (Flyball, 89M, EV 89.4 MPH)
|
Batting: RHB Bill Nguyen-Tan
|
0-0: Ball 1-0: Ball 2-0: Ball 3-0: Base on Balls
|
Batting: LHB Marc Durgin
|
0-0: Foul Ball, location: 2F 0-1: Ball 1-1: Ball 2-1: Ball 3-1: Base on Balls Bill Nguyen-Tan to second
|
Batting: RHB Nate Singleton
|
0-0: Ball 1-0: Called Strike 1-1: SINGLE (Line Drive, 34, EV 105.6 MPH) Bill Nguyen-Tan to third Marc Durgin to second
|
Batting: RHB Louwe Starmans
|
0-0: Called Strike 0-1: Ball 1-1: DOUBLE (Groundball, 5D, EV 98.1 MPH) Bill Nguyen-Tan scores Marc Durgin scores Nate Singleton to third
|
Batting: LHB Ernesto Abreu
|
0-0: Ball 1-0: Swinging Strike 1-1: Foul Ball, location: 2F 1-2: Strikes out swinging
|
Batting: SHB Corey Penson
|
0-0: Ball 1-0: Swinging Strike 1-1: Ball 2-1: Called Strike 2-2: Strikes out swinging
|
Top of the 5th over - 2 runs, 2 hits, 0 errors, 2 left on base; Charleston 5 - Burlington 1 |
BOTTOM OF THE 5TH |
Burlington Bees batting - Pitching for Charleston RiverDogs : RHP Tim Honaker
|
Batting: LHB Dave Hicks
|
0-0: Ground out 6-3 (Groundball, 6, EV 92.5 MPH)
|
Batting: SHB Danny Gelinas
|
0-0: Ball 1-0: Ball 2-0: Called Strike 2-1: Ball 3-1: Fly out, F9 (Flyball, 89M, EV 93.8 MPH)
|
Pitching: RHP Austin Trzcinski
|
|
Batting: RHB Peter Westover
|
0-0: Ball 1-0: Called Strike 1-1: Ball 2-1: Ball 3-1: Fly out, F7 (Line Drive, 78S, EV 94.4 MPH)
|
Bottom of the 5th over - 0 runs, 0 hits, 0 errors, 0 left on base; Charleston 5 - Burlington 1 |
TOP OF THE 6TH |
Charleston RiverDogs batting - Pitching for Burlington Bees : RHP Humberto Paniagua
|
Batting: LHB Justin O'Neal
|
0-0: Ball 1-0: Foul Ball, location: 2F 1-1: Foul Ball, location: 2F 1-2: Foul Ball, location: 2F 1-2: Ball 2-2: Ground out 4-3 (Groundball, 4, EV 105.0 MPH)
|
Batting: LHB Dale Anderson
|
0-0: Ball 1-0: Called Strike 1-1: Ground out 4-3 (Groundball, 4M, EV 87.5 MPH)
|
Batting: RHB Jonathan Iniguez
|
0-0: Ball 1-0: Ball 2-0: Foul Ball, location: 2F 2-1: Swinging Strike 2-2: Foul Ball, location: 2F 2-2: Strikes out swinging
|
Top of the 6th over - 0 runs, 0 hits, 0 errors, 0 left on base; Charleston 5 - Burlington 1 |
BOTTOM OF THE 6TH |
Burlington Bees batting - Pitching for Charleston RiverDogs : RHP Austin Trzcinski
|
Batting: RHB Rory Cobb
|
0-0: Foul Ball, location: 2F 0-1: Fly out, F8 (Flyball, 8RD, EV 100.0 MPH)
|
Batting: RHB Dan Burkhart
|
0-0: Ball 1-0: Ball 2-0: Called Strike 2-1: Called Strike 2-2: Ball 3-2: Fly out, F7 (Flyball, 78M, EV 84.4 MPH)
|
Batting: RHB Davey Verhoog
|
0-0: Ball 1-0: Reached on error, E6 (Groundball, 6, EV 98.8 MPH)
|
Batting: RHB Malachi Ephron
|
0-0: Ball 1-0: Ball Davey Verhoog is caught stealing 2nd base 2-4
|
Bottom of the 6th over - 0 runs, 0 hits, 1 error, 0 left on base; Charleston 5 - Burlington 1 |
TOP OF THE 7TH |
Charleston RiverDogs batting - Pitching for Burlington Bees : RHP Humberto Paniagua
|
Pitching: RHP Simon Vogel
|
|
Batting: RHB Bill Nguyen-Tan
|
0-0: Ball 1-0: Foul Ball, location: 2F 1-1: Fly out, F7 (Flyball, 7D, EV 98.8 MPH)
|
Batting: LHB Marc Durgin
|
0-0: SINGLE (Groundball, 4M, EV 83.8 MPH) (infield hit)
|
Batting: RHB Nate Singleton
|
0-0: Ball 1-0: Ball 2-0: Ball 3-0: Called Strike 3-1: Fly out, F8 (Line Drive, 8LD, EV 91.9 MPH)
|
Batting: RHB Louwe Starmans
|
0-0: Ball 1-0: Called Strike 1-1: Ball Marc Durgin steals 2nd base 2-1: Foul Ball, location: 2F 2-2: Foul Ball, location: 2F 2-2: Strikes out swinging
|
Top of the 7th over - 0 runs, 1 hit, 0 errors, 1 left on base; Charleston 5 - Burlington 1 |
BOTTOM OF THE 7TH |
Burlington Bees batting - Pitching for Charleston RiverDogs : RHP Austin Trzcinski
|
Batting: RHB Malachi Ephron
|
0-0: Foul Ball, location: 2F 0-1: Called Strike 0-2: Ball 1-2: Ball 2-2: Strikes out looking
|
Batting: RHB Joe Hewitt
|
0-0: Called Strike 0-1: Ball 1-1: Ball 2-1: Fly out, F8 (Flyball, 78M, EV 94.4 MPH)
|
Batting: RHB T.J. Gray
|
0-0: Ground out 4-3 (Groundball, 4, EV 86.9 MPH)
|
Bottom of the 7th over - 0 runs, 0 hits, 0 errors, 0 left on base; Charleston 5 - Burlington 1 |
TOP OF THE 8TH |
Charleston RiverDogs batting - Pitching for Burlington Bees : RHP Simon Vogel
|
Pitching: LHP Paul Griffin
|
|
Batting: LHB Ernesto Abreu
|
0-0: Foul Ball, location: 2F 0-1: Ball 1-1: Ball 2-1: Ball 3-1: Swinging Strike 3-2: Foul Ball, location: 2F 3-2: Foul Ball, location: 2F 3-2: Foul Ball, location: 2F 3-2: Ground out U3 (Groundball, 3, EV 102.5 MPH)
|
Batting: SHB Corey Penson
|
0-0: Ball 1-0: Called Strike 1-1: Foul Ball, location: 2F 1-2: Ball 2-2: Foul Ball, location: 2F 2-2: Strikes out looking
|
Batting: LHB Justin O'Neal
|
0-0: Called Strike 0-1: Ball 1-1: Ball 2-1: Ball 3-1: Foul Ball, location: 2F 3-2: Strikes out swinging
|
Top of the 8th over - 0 runs, 0 hits, 0 errors, 0 left on base; Charleston 5 - Burlington 1 |
BOTTOM OF THE 8TH |
Burlington Bees batting - Pitching for Charleston RiverDogs : RHP Austin Trzcinski
|
Batting: LHB Dave Hicks
|
0-0: Ball 1-0: Ball 2-0: Ball 3-0: Called Strike 3-1: Swinging Strike 3-2: Foul Ball, location: 2F 3-2: Base on Balls
|
Batting: SHB Danny Gelinas
|
0-0: Foul Ball, location: 2F 0-1: Ball 1-1: Ball 2-1: Ball 3-1: Fly out, F8 (Flyball, 8LD, EV 91.9 MPH)
|
Batting: RHB Peter Westover
|
0-0: Foul Ball, location: 2F 0-1: Ball 1-1: Ball 2-1: Ball 3-1: SINGLE (Groundball, 34D, EV 100.6 MPH) Dave Hicks to second Runner from 2nd tries for 3rd, SAFE, throw by RF made to third
|
Batting: RHB Rory Cobb
|
0-0: Ball 1-0: Foul Ball, location: 2F 1-1: Foul Ball, location: 2F 1-2: Ball 2-2: Ball 3-2: Base on Balls Peter Westover to second
|
Pitching: RHP Willie Perez
|
|
Pinch Hitting: LHB Alberto Carrillo
|
0-0: Called Strike 0-1: Swinging Strike 0-2: GRAND SLAM HOME RUN (Flyball, 9LD, EV 98.8 MPH), Distance : 383 ft
|
Pinch Hitting: LHB Spencer Palmer
|
0-0: Ball 1-0: Called Strike 1-1: Foul Ball, location: 2F 1-2: Strikes out swinging
|
Batting: RHB Malachi Ephron
|
0-0: Swinging Strike 0-1: Called Strike 0-2: Strikes out swinging
|
Bottom of the 8th over - 4 runs, 2 hits, 0 errors, 0 left on base; Charleston 5 - Burlington 5 |
TOP OF THE 9TH |
Charleston RiverDogs batting - Pitching for Burlington Bees : LHP Paul Griffin
|
Now at 2B: Spencer Palmer
|
|
Now in RF: Alberto Carrillo
|
|
Batting: RHB Iften Olujimi
|
0-0: Ball 1-0: Ball 2-0: Foul Ball, location: 2F 2-1: Hit by Pitch
|
Batting: RHB Jonathan Iniguez
|
0-0: Called Strike 0-1: Ball 1-1: Ball 2-1: Ball 3-1: Called Strike 3-2: Strikes out swinging
|
Batting: RHB Bill Nguyen-Tan
|
0-0: Called Strike 0-1: Fly out, F7 (Flyball, 7, EV 89.4 MPH)
|
Pinch Hitting: RHB Bryan Massey
|
0-0: Called Strike 0-1: Swinging Strike 0-2: Foul Ball, location: 2F 0-2: Ball 1-2: Ball 2-2: Strikes out swinging
|
Top of the 9th over - 0 runs, 0 hits, 0 errors, 1 left on base; Charleston 5 - Burlington 5 |
BOTTOM OF THE 9TH |
Burlington Bees batting - Pitching for Charleston RiverDogs : RHP Willie Perez
|
Now in CF: Steve LeGrand
|
|
Batting: RHB Joe Hewitt
|
0-0: Ball 1-0: Ball 2-0: Foul Ball, location: 2F 2-1: Fly out, F9 (Line Drive, 9, EV 97.5 MPH)
|
Batting: RHB T.J. Gray
|
0-0: Ground out U3 (Groundball, 34, EV 88.1 MPH)
|
Batting: LHB Dave Hicks
|
0-0: Ball 1-0: Called Strike 1-1: Swinging Strike 1-2: Strikes out swinging
|
Bottom of the 9th over - 0 runs, 0 hits, 0 errors, 0 left on base; Charleston 5 - Burlington 5 |
TOP OF THE 10TH |
Charleston RiverDogs batting - Pitching for Burlington Bees : LHP Paul Griffin
|
Batting: RHB Nate Singleton
|
0-0: Ball 1-0: Foul Ball, location: 2F 1-1: DOUBLE (Groundball, 5L, EV 106.2 MPH)
|
Pitching: RHP Jose Alvarado
|
|
Pinch Hitting: LHB Jeremiah Walker
|
0-0: Foul Ball, location: 2F 0-1: Foul Ball, location: 2F 0-2: Ball 1-2: Strikes out looking
|
Batting: LHB Ernesto Abreu
|
0-0: Swinging Strike 0-1: SINGLE (Groundball, 4, EV 96.9 MPH) Nate Singleton to third Runner from 3rd tries for Home, SAFE, throw by CF to home
|
Batting: SHB Corey Penson
|
0-0: Ball 1-0: Called Strike Ernesto Abreu steals 2nd base 1-1: Foul Ball, location: 2F 1-2: Fly out, F9 (Flyball, 9, EV 73.8 MPH)
|
Batting: LHB Justin O'Neal
|
0-0: Called Strike 0-1: Swinging Strike 0-2: Ball 1-2: Strikes out swinging
|
Top of the 10th over - 1 run, 2 hits, 0 errors, 1 left on base; Charleston 6 - Burlington 5 |
|